Demolitions vs Atomiques
Created - 19 mars 2015 at 19:03
Goals
|
Demolitions |
1 |
2 |
3 |
6 |
Atomiques |
1 |
2 |
1 |
4 |
|
Shots
|
Demolitions |
9 |
13 |
10 |
32 |
Atomiques |
7 |
9 |
13 |
29 |
|
1st period
1. Atomiques , John Zeiler 18 (Kenndal McArdle) at 15:16
2. Demolitions , Samuel Pahlsson 42 (Brad Richardson, Bobby Butler) at 16:10 (PP)
Penalties :
Alexandre Daigle (STB) for Roughing (Minor) at 15:38
2nd period
3. Atomiques , Tyler Brenner 18 (Alexandre Daigle, Alex Auld) at 4:55
4. Demolitions , Jordan LaVallee 24 (Konstantin Pushkarev) at 5:28
5. Atomiques , Scott Jackson 1 (Linus Omark, Ryan Shannon) at 11:06
6. Demolitions , Anton Babchuk 11 (Brad Richardson, Doug Janik) at 15:45 (PP)
Penalties :
Ryan Shannon (STB) for Holding (Minor) at 0:27, Casey Borer (STB) for Hooking (Minor) at 14:24, Davis Drewiske (STB) for Tripping (Minor) at 14:54, John McCarthy (STB) for Boarding (Major) at 17:17
3rd period
7. Atomiques , Nick Johnson 14 (Drew Larman, John McCarthy) at 4:45
8. Demolitions , Anthony Stewart 39 (T.J. Hensick, Daniel Paille) at 7:33 (PP)
9. Demolitions , Daniel Paille 34 (T.J. Hensick, Anssi Salmela) at 8:24
10. Demolitions , Anthony Stewart 40 (Anton Babchuk, Doug Janik) at 8:47 (PP)
Penalties :
Daniel Paille (Vic) for Interference (Minor) at 4:58, John Zeiler (STB) for Hooking (Minor) at 7:21, Tyler Brenner (STB) for Tripping (Minor) at 8:31, Casey Borer (STB) for Holding (Minor) at 10:50
Goalie Stats
Jeff Frazee (Vic), 25 saves from 29 shots - (0,862), W, 1-1-0, 60:00 minutes
Alex Auld (STB), 21 saves from 27 shots - (0,778), L, 24-19-3, 48:47 minutes
Curtis McElhinney (STB), 5 saves from 5 shots - (1,000), 11:13 minutes
Players Stats for Demolitions
Player Name G A P +/- PIM S H SB GA TA FO MP PP MP PK MP
------------------------------------------------------------------------------------
Alex Hutchings 0 0 0 0 0 0 0 0 0 0 0/0 1:07 0:00 0:56
Andrew Campbell 0 0 0 -1 0 1 0 0 0 0 0/0 11:29 0:00 0:00
Anssi Salmela 0 1 1 1 0 3 0 2 0 0 0/0 17:59 3:08 0:50
Anthony Stewart 2 0 2 0 0 3 4 0 3 1 1/2 23:40 5:59 1:00
Anton Babchuk 1 1 2 -2 0 3 0 1 0 2 0/0 30:32 9:18 1:09
Bobby Butler 0 1 1 -3 0 1 1 0 0 0 0/0 18:01 5:49 0:00
Brad Richardson 0 2 2 -3 0 3 1 1 1 0 0/1 18:12 5:49 0:00
Corban Knight 0 0 0 0 0 1 0 0 0 0 0/0 0:54 0:00 0:43
Daniel Paille 1 1 2 0 2 4 0 0 1 0 1/2 22:39 5:59 0:00
Darren Helm 0 0 0 1 0 2 1 0 0 0 2/2 10:19 0:38 0:04
Doug Janik 0 2 2 -1 0 1 1 1 0 0 0/0 26:32 9:18 1:09
Jordan LaVallee 1 0 1 1 0 2 0 0 1 0 0/0 10:47 0:38 0:31
Josh Beaulieu 0 0 0 0 0 0 0 0 0 0 0/0 0:00 0:00 0:00
Konstantin Pushkarev 0 1 1 1 0 1 0 0 0 1 0/0 9:41 0:38 0:00
Masi Marjamaki 0 0 0 0 0 0 0 0 0 0 0/0 0:00 0:00 0:00
Nicolas Blanchard 0 0 0 0 0 0 0 0 0 0 0/0 6:54 0:00 0:00
Peter Harrold 0 0 0 1 0 0 0 1 0 0 0/0 17:39 3:08 0:50
Petr Vrana 0 0 0 0 0 0 1 0 1 0 0/0 8:12 0:00 0:44
Robert Bortuzzo 0 0 0 -1 0 0 0 0 0 0 0/0 4:20 0:00 0:00
Robert Klinkhammer 0 0 0 0 0 0 0 0 0 0 0/0 0:00 0:00 0:00
Samuel Pahlsson 1 0 1 -3 0 5 0 1 0 0 6/8 18:01 5:49 0:00
Seth Helgeson 0 0 0 -1 0 0 0 1 0 1 0/0 11:29 0:00 0:00
Spencer Machacek 0 0 0 0 0 0 0 1 0 1 0/0 6:54 0:00 0:00
T.J. Hensick 0 2 2 0 0 2 1 0 2 0 21/42 22:39 5:59 0:00
Vince Rocco 0 0 0 0 0 0 0 0 0 0 0/0 0:00 0:00 0:00
Players Stats for Atomiques
Player Name G A P +/- PIM S H SB GA TA FO MP PP MP PK MP
------------------------------------------------------------------------------------
Alexandre Daigle 0 1 1 -1 2 4 2 2 2 0 1/1 23:02 0:59 6:26
Anthony Nigro 0 0 0 0 0 0 0 0 0 0 0/0 0:00 0:00 0:00
Brad Winchester 0 0 0 -1 0 3 1 1 0 2 9/13 24:35 1:04 7:29
Brett Sutter 0 0 0 2 0 0 1 0 0 0 1/4 10:04 0:00 0:10
Casey Borer 0 0 0 1 4 0 2 0 0 0 0/0 9:47 0:00 0:00
Clayton Stoner 0 0 0 0 0 0 1 0 0 0 0/0 18:47 0:42 4:05
Davis Drewiske 0 0 0 1 2 2 2 3 0 2 0/0 25:11 1:17 6:26
Drew Larman 0 1 1 1 0 0 0 0 0 0 1/2 6:49 0:00 0:00
John McCarthy 0 1 1 1 5 6 0 0 1 0 0/0 6:57 0:00 0:00
John Zeiler 1 0 1 2 2 1 1 1 0 0 0/1 10:38 0:05 0:00
Kenndal McArdle 0 1 1 2 0 0 2 0 1 2 0/1 13:03 0:00 2:23
Kyle Wharton 0 0 0 0 0 1 0 1 0 2 0/0 14:57 0:42 3:15
Linus Omark 0 1 1 0 0 5 5 1 0 0 2/3 16:34 0:55 3:26
Mac Bennett 0 0 0 0 0 0 0 0 0 0 0/0 6:02 0:00 0:00
Marc-André Cliche 0 0 0 0 0 0 0 0 0 0 1/7 12:47 0:55 0:00
Mike Halmo 0 0 0 0 0 0 0 1 0 0 0/0 1:32 0:00 1:11
Mitch Callahan 0 0 0 0 0 0 0 0 0 0 0/0 0:12 0:00 0:00
Nick Johnson 1 0 1 1 0 1 0 0 0 0 0/0 7:46 0:05 0:00
Roman Polak 0 0 0 0 0 0 1 0 0 1 0/0 7:19 0:00 0:10
Ryan Shannon 0 1 1 0 2 3 1 0 0 0 0/0 16:03 0:55 2:56
Scott Jackson 1 0 1 1 0 1 0 0 0 0 0/0 11:22 0:00 2:44
Tyler Brenner 1 0 1 -1 2 1 3 0 1 0 11/25 16:12 0:59 0:00
Victor Hedman 0 0 0 1 0 1 1 1 1 0 0/0 26:56 1:17 8:11
3 Stars
1 - Anthony Stewart (Vic)
2 - John Zeiler (STB)
3 - Kenndal McArdle (STB)
Power Play
Demolitions - 4 on 8 Attempt(s) - 50,00%
Atomiques - 0 on 1 Attempt(s) - 0,00%
Penalty Kill
Demolitions - 1 on 1 Attempt(s) - 100,00%
- Score 0 goal in Penalty Kill
Atomiques - 4 on 8 Attempt(s) - 50,00%
- Score 0 goal in Penalty Kill
Team Stat
Demolitions - Hits : 10 - Faceoff Wins : 31 - Blocked Shots : 9 - Penalty Minutes : 2
Atomiques - Hits : 23 - Faceoff Wins : 26 - Blocked Shots : 11 - Penalty Minutes : 19
Official
Referees : Auger Stephane and Martell Rob
Linesman : Jean Morin and Scott Driscoll
Game Notes
Curtis McElhinney enters game at 8:47 of 3rd period
Kyle Wharton is injured at 9:36 of 3rd period (Right Hand)
Finance
Level 1 -- Attendance: 1405 (70,25%) -- Ticket Income 49 175 $
Level 2 -- Attendance: 778 (77,80%) -- Ticket Income 11 670 $
Total Attendance: 2183 (72,77%)
Total Ticket Income: 60 845 $
Other Income: 3 042 $
Total Income: 63 887 $
Demolitions
5 vs 5 Forward
Center Left Wing Right Wing Time % Phy DF OF
1 T.J. Hensick Daniel Paille Anthony Stewart 40 1 2 2
2 Samuel Pahlsson Bobby Butler Brad Richardson 30 1 2 2
3 Darren Helm Jordan LaVallee Konstantin Pushkarev 20 1 2 2
4 Nicolas Blanchard Petr Vrana Spencer Machacek 10 1 2 2
5 vs 5 Defense
Defense Defense Time % Phy DF OF
1 Anton Babchuk Doug Janik 40 1 2 2
2 Peter Harrold Anssi Salmela 30 1 2 2
3 Andrew Campbell Seth Helgeson 20 1 2 2
4 Robert Bortuzzo Anton Babchuk 10 1 2 2
PowerPlay Forward
Center Left Wing Right Wing Time % Phy DF OF
1 T.J. Hensick Daniel Paille Anthony Stewart 60 1 2 2
2 Samuel Pahlsson Bobby Butler Brad Richardson 40 1 2 2
PowerPlay Defense
Defense Defense Time % Phy DF OF
1 Anton Babchuk Doug Janik 60 1 2 2
2 Peter Harrold Anssi Salmela 40 1 2 2
Penalty Kill 4 Players Forward
Center Wing Time % Phy DF OF
1 Anthony Stewart Daniel Paille 60 1 2 2
2 T.J. Hensick Brad Richardson 40 1 2 2
Penalty Kill 4 Players Defense
Defense Defense Time % Phy DF OF
1 Anton Babchuk Doug Janik 60 1 2 2
2 Peter Harrold Anssi Salmela 40 1 2 2
Penalty Kill - 3 Players Forward
Forward Time % Phy DF OF
1 Anthony Stewart 60 1 2 2
2 Daniel Paille 40 1 2 2
Penalty Kill - 3 Players Defense
Defense Defense Time % Phy DF OF
1 Anton Babchuk Doug Janik 60 1 2 2
2 Peter Harrold Anssi Salmela 40 1 2 2
4 vs 4 Forward
Center Wing Time % Phy DF OF
1 Anthony Stewart Daniel Paille 60 1 2 2
2 T.J. Hensick Brad Richardson 40 1 2 2
4 vs 4 Defense
Defense Defense Time % Phy DF OF
1 Anton Babchuk Doug Janik 60 1 2 2
2 Peter Harrold Anssi Salmela 40 1 2 2
Last Minutes Offensive
Center Left Wing Right Wing Defense Defense
T.J. Hensick Daniel Paille Anthony Stewart Anton Babchuk Doug Janik
Last Minutes Defensive
Center Left Wing Right Wing Defense Defense
T.J. Hensick Daniel Paille Anthony Stewart Anton Babchuk Doug Janik
Goaltenders
Starting : Jeff Frazee
Backup : Chad Johnson
Extra Forwards
Normal : Darren Helm, Jordan LaVallee, Petr Vrana - PP : Darren Helm, Jordan LaVallee - PK : Petr Vrana
Extra Defensemen
Normal : Andrew Campbell, Seth Helgeson, Robert Bortuzzo - PP : Andrew Campbell - PK : Seth Helgeson, Robert Bortuzzo
Penalty Shots
Anthony Stewart, Daniel Paille, T.J. Hensick, Brad Richardson, Samuel Pahlsson
Atomiques
5 vs 5 Forward
Center Left Wing Right Wing Time % Phy DF OF
1 Tyler Brenner Brad Winchester Alexandre Daigle 40 1 2 2
2 Marc-André Cliche Linus Omark Ryan Shannon 30 1 2 2
3 Brett Sutter Kenndal McArdle John Zeiler 20 1 2 2
4 Drew Larman John McCarthy Nick Johnson 10 1 2 2
5 vs 5 Defense
Defense Defense Time % Phy DF OF
1 Victor Hedman Davis Drewiske 40 1 2 2
2 Clayton Stoner Kyle Wharton 30 1 2 2
3 Casey Borer Scott Jackson 20 1 2 2
4 Roman Polak Mac Bennett 10 1 2 2
PowerPlay Forward
Center Left Wing Right Wing Time % Phy DF OF
1 Tyler Brenner Brad Winchester Alexandre Daigle 60 1 2 2
2 Marc-André Cliche Linus Omark Ryan Shannon 40 1 2 2
PowerPlay Defense
Defense Defense Time % Phy DF OF
1 Victor Hedman Davis Drewiske 60 1 2 2
2 Clayton Stoner Kyle Wharton 40 1 2 2
Penalty Kill 4 Players Forward
Center Wing Time % Phy DF OF
1 Brad Winchester Alexandre Daigle 60 1 2 2
2 Linus Omark Ryan Shannon 40 1 2 2
Penalty Kill 4 Players Defense
Defense Defense Time % Phy DF OF
1 Victor Hedman Davis Drewiske 60 1 2 2
2 Clayton Stoner Kyle Wharton 40 1 2 2
Penalty Kill - 3 Players Forward
Forward Time % Phy DF OF
1 Brad Winchester 60 1 2 2
2 Alexandre Daigle 40 1 2 2
Penalty Kill - 3 Players Defense
Defense Defense Time % Phy DF OF
1 Victor Hedman Davis Drewiske 60 1 2 2
2 Clayton Stoner Kyle Wharton 40 1 2 2
4 vs 4 Forward
Center Wing Time % Phy DF OF
1 Brad Winchester Alexandre Daigle 60 1 2 2
2 Linus Omark Ryan Shannon 40 1 2 2
4 vs 4 Defense
Defense Defense Time % Phy DF OF
1 Victor Hedman Davis Drewiske 60 1 2 2
2 Clayton Stoner Kyle Wharton 40 1 2 2
Last Minutes Offensive
Center Left Wing Right Wing Defense Defense
Tyler Brenner Brad Winchester Alexandre Daigle Victor Hedman Davis Drewiske
Last Minutes Defensive
Center Left Wing Right Wing Defense Defense
Tyler Brenner Brad Winchester Alexandre Daigle Victor Hedman Davis Drewiske
Goaltenders
Starting : Alex Auld
Backup : Curtis McElhinney
Extra Forwards
Normal : John Zeiler, Nick Johnson, Kenndal McArdle - PP : John Zeiler, Nick Johnson - PK : Kenndal McArdle
Extra Defensemen
Normal : Casey Borer, Scott Jackson, Roman Polak - PP : Casey Borer - PK : Scott Jackson, Roman Polak
Penalty Shots
Brad Winchester, Alexandre Daigle, Linus Omark, Ryan Shannon, John Zeiler
% Time on Ice - Demolitions
Lines # - Real PCT - Wanted PCT - Time Play
Normal Forward
1 - 38% - 40% - 17:14
2 - 27% - 30% - 12:24
3 - 20% - 20% - 9:03
4 - 15% - 10% - 6:54
Normal Defense
1 - 35% - 40% - 16:05
2 - 30% - 30% - 13:41
3 - 25% - 20% - 11:29
4 - 10% - 10% - 4:20
PP Forward
1 - 53% - 60% - 6:37
2 - 47% - 40% - 5:49
PP Defense
1 - 75% - 60% - 9:18
2 - 25% - 40% - 3:08
PK Forward
1 - 100% - 60% - 1:59
2 - 0% - 40% - 0:00
PK Defense
1 - 58% - 60% - 1:09
2 - 42% - 40% - 0:50
PK3 Forward
1 - 0% - 60%
2 - 0% - 40%
PK3 Defense
1 - 0% - 60%
2 - 0% - 40%
44 Forward
1 - 0% - 60%
2 - 0% - 40%
44 Defense
1 - 0% - 60%
2 - 0% - 40%
Last Minute Offensive - 0:00
Last Minute Defensive - 0:00
Total
Forward - 60:00
Defense - 60:00
|
% Time on Ice - Atomiques
Lines # - Real PCT - Wanted PCT - Time Play
Normal Forward
1 - 37% - 40% - 16:39
2 - 27% - 30% - 12:13
3 - 22% - 20% - 9:54
4 - 15% - 10% - 6:49
Normal Defense
1 - 38% - 40% - 17:28
2 - 31% - 30% - 14:00
3 - 18% - 20% - 8:05
4 - 13% - 10% - 6:02
PP Forward
1 - 54% - 60% - 1:04
2 - 46% - 40% - 0:55
PP Defense
1 - 65% - 60% - 1:17
2 - 35% - 40% - 0:42
PK Forward
1 - 70% - 60% - 8:09
2 - 30% - 40% - 3:26
PK Defense
1 - 65% - 60% - 7:30
2 - 35% - 40% - 4:05
PK3 Forward
1 - 100% - 60% - 0:51
2 - 0% - 40% - 0:00
PK3 Defense
1 - 100% - 60% - 0:51
2 - 0% - 40% - 0:00
44 Forward
1 - 0% - 60%
2 - 0% - 40%
44 Defense
1 - 0% - 60%
2 - 0% - 40%
Last Minute Offensive - 0:00
Last Minute Defensive - 0:00
Total
Forward - 60:00
Defense - 60:00
|
Play by Play
1st period
0:01 of 1st period - Tyler Brenner wins face-off versus T.J. Hensick in neutral zone.
1:41 of 1st period - Slapshot by Brad Winchester.
1:41 of 1st period - Shot Misses the Net.
1:51 of 1st period - Peter Harrold is hit by Linus Omark and loses puck.
2:16 of 1st period - Slapshot by Brad Richardson.
2:16 of 1st period - Stopped by Alex Auld with a rebound.
2:18 of 1st period - Slapshot by Samuel Pahlsson.
2:18 of 1st period - Shot Misses the Net.
2:23 of 1st period - Icing by John Zeiler.
2:24 of 1st period - Darren Helm wins face-off versus Brett Sutter in Atomiques zone.
2:35 of 1st period - Snap shot by Konstantin Pushkarev.
2:35 of 1st period - Stopped by Alex Auld with a rebound.
2:44 of 1st period - Icing by Andrew Campbell.
2:45 of 1st period - Samuel Pahlsson wins face-off versus Tyler Brenner in Demolitions zone.
2:45 of 1st period - Samuel Pahlsson is hit by Davis Drewiske.
3:07 of 1st period - Icing by Brad Winchester.
3:08 of 1st period - Tyler Brenner wins face-off versus T.J. Hensick in Atomiques zone.
3:41 of 1st period - Snap shot by Anton Babchuk.
3:41 of 1st period - Stopped by Alex Auld with a rebound.
4:07 of 1st period - Snap shot by Alexandre Daigle.
4:07 of 1st period - Shot Misses the Net.
5:32 of 1st period - Wrist shot by John Zeiler.
5:32 of 1st period - Deflect By Brett Sutter.
5:32 of 1st period - Shot Blocked by Spencer Machacek.
5:32 of 1st period - Puck is out of play.
5:33 of 1st period - T.J. Hensick wins face-off versus Tyler Brenner in Demolitions zone.
5:33 of 1st period - T.J. Hensick is hit by Alexandre Daigle.
10:03 of 1st period - Linus Omark is hit by Brad Richardson and loses puck.
11:19 of 1st period - Snap shot by John McCarthy.
11:19 of 1st period - Shot Misses the Net.
11:29 of 1st period - Anthony Stewart is hit by Casey Borer and loses puck.
11:38 of 1st period - Tyler Brenner is hit by Anthony Stewart and loses puck.
12:03 of 1st period - Wrist shot by Ryan Shannon.
12:03 of 1st period - Shot Misses the Net.
12:35 of 1st period - Doug Janik is hit by Victor Hedman.
13:03 of 1st period - Brad Richardson is hit by Roman Polak and loses puck.
14:41 of 1st period - Anssi Salmela is hit by Alexandre Daigle and loses puck.
15:09 of 1st period - Bobby Butler is hit by Brett Sutter and loses puck.
15:16 of 1st period - Snap shot by John Zeiler.
15:16 of 1st period - Goal by John Zeiler - Demolitions : 0 - Atomiques : 1.
15:17 of 1st period - Tyler Brenner wins face-off versus T.J. Hensick in neutral zone.
15:28 of 1st period - Wrist shot by Alexandre Daigle.
15:28 of 1st period - Shot Misses the Net.
15:38 of 1st period - Minor Penalty to Alexandre Daigle for Roughing.
15:39 of 1st period - Brad Winchester wins face-off versus T.J. Hensick in Atomiques zone.
16:10 of 1st period - Wrist shot by Samuel Pahlsson.
16:10 of 1st period - Goal by Samuel Pahlsson - Demolitions : 1 - Atomiques : 1.
16:11 of 1st period - T.J. Hensick wins face-off versus Tyler Brenner in neutral zone.
16:25 of 1st period - Slapshot by Doug Janik.
16:25 of 1st period - Stopped by Alex Auld with a rebound.
16:27 of 1st period - Slapshot by T.J. Hensick.
16:27 of 1st period - Shot Misses the Net.
16:42 of 1st period - Snap shot by Linus Omark.
16:42 of 1st period - Stopped by Jeff Frazee with a rebound.
16:48 of 1st period - Snap shot by Linus Omark.
16:48 of 1st period - Stopped by Jeff Frazee with a rebound.
16:50 of 1st period - Snap shot by Kyle Wharton.
16:50 of 1st period - Shot Misses the Net.
17:06 of 1st period - Wrist shot by Kenndal McArdle.
17:06 of 1st period - Deflect By Jordan LaVallee.
17:06 of 1st period - Shot Blocked by Seth Helgeson.
17:06 of 1st period - Puck is out of play.
17:07 of 1st period - Brad Winchester wins face-off versus T.J. Hensick in Demolitions zone.
17:08 of 1st period - Wrist shot by Alexandre Daigle.
17:08 of 1st period - Stopped by Jeff Frazee with a rebound.
17:10 of 1st period - Slapshot by Davis Drewiske.
17:10 of 1st period - Deflect By Daniel Paille.
17:10 of 1st period - Stopped by Jeff Frazee with a rebound.
17:58 of 1st period - John Zeiler is hit by Petr Vrana.
18:06 of 1st period - Snap shot by Brett Sutter.
18:06 of 1st period - Shot Blocked by Anssi Salmela.
18:23 of 1st period - Slapshot by Anssi Salmela.
18:23 of 1st period - Stopped by Alex Auld with a rebound.
18:25 of 1st period - Snap shot by Darren Helm.
18:25 of 1st period - Stopped by Alex Auld with a rebound.
18:44 of 1st period - Slapshot by T.J. Hensick.
18:44 of 1st period - Stopped by Alex Auld without a rebound.
18:45 of 1st period - T.J. Hensick wins face-off versus Tyler Brenner in Atomiques zone.
18:46 of 1st period - Snap shot by Anthony Stewart.
18:46 of 1st period - Shot Blocked by Davis Drewiske.
19:01 of 1st period - Slapshot by Victor Hedman.
19:01 of 1st period - Shot Misses the Net.
19:03 of 1st period - Snap shot by Brad Winchester.
19:03 of 1st period - Stopped by Jeff Frazee without a rebound.
19:04 of 1st period - Samuel Pahlsson wins face-off versus Marc-André Cliche in Demolitions zone.
19:15 of 1st period - Snap shot by Samuel Pahlsson.
19:15 of 1st period - Stopped by Alex Auld without a rebound.
19:16 of 1st period - T.J. Hensick wins face-off versus Tyler Brenner in Atomiques zone.
19:19 of 1st period - Slapshot by Daniel Paille.
19:19 of 1st period - Shot Misses the Net.
19:50 of 1st period - Wrist shot by Linus Omark.
19:50 of 1st period - Stopped by Jeff Frazee without a rebound.
19:51 of 1st period - Anthony Stewart wins face-off versus Tyler Brenner in Demolitions zone.
Goals for this period are 1 for Demolitions vs 1 for Atomiques.
Shots for this period are 9 for Demolitions vs 7 for Atomiques.
2nd period
0:01 of 2nd period - T.J. Hensick wins face-off versus Tyler Brenner in neutral zone.
0:27 of 2nd period - Minor Penalty to Ryan Shannon for Holding.
0:28 of 2nd period - Brad Winchester wins face-off versus T.J. Hensick in Atomiques zone.
1:04 of 2nd period - Wrist shot by Linus Omark.
1:04 of 2nd period - Stopped by Jeff Frazee without a rebound.
1:05 of 2nd period - Linus Omark wins face-off versus T.J. Hensick in Demolitions zone.
1:08 of 2nd period - Snap shot by Kenndal McArdle.
1:08 of 2nd period - Shot Misses the Net.
1:16 of 2nd period - Snap shot by T.J. Hensick.
1:16 of 2nd period - Deflect By Anthony Stewart.
1:16 of 2nd period - Shot Blocked by Linus Omark.
1:16 of 2nd period - Puck is out of play.
1:17 of 2nd period - T.J. Hensick wins face-off versus Brad Winchester in Atomiques zone.
1:22 of 2nd period - Snap shot by T.J. Hensick.
1:22 of 2nd period - Shot Blocked by Alexandre Daigle.
1:24 of 2nd period - Snap shot by T.J. Hensick.
1:24 of 2nd period - Shot Misses the Net.
1:49 of 2nd period - Icing by Doug Janik.
1:50 of 2nd period - Linus Omark wins face-off versus Samuel Pahlsson in Demolitions zone.
1:56 of 2nd period - Icing by Anton Babchuk.
1:57 of 2nd period - Brad Winchester wins face-off versus Brad Richardson in Demolitions zone.
1:58 of 2nd period - Wrist shot by Alexandre Daigle.
1:58 of 2nd period - Stopped by Jeff Frazee with a rebound.
2:04 of 2nd period - Wrist shot by Alexandre Daigle.
2:04 of 2nd period - Shot Misses the Net.
2:27 of 2nd period - Penalty to Ryan Shannon is over, Ryan Shannon is back on ice.
2:34 of 2nd period - Victor Hedman is hit by Bobby Butler and loses puck.
2:39 of 2nd period - Snap shot by Brad Richardson.
2:39 of 2nd period - Shot Misses the Net.
2:41 of 2nd period - Slapshot by Doug Janik.
2:41 of 2nd period - Shot Misses the Net.
2:43 of 2nd period - Slapshot by Brad Richardson.
2:43 of 2nd period - Shot Blocked by Victor Hedman.
2:45 of 2nd period - Snap shot by Samuel Pahlsson.
2:45 of 2nd period - Stopped by Alex Auld with a rebound.
2:47 of 2nd period - Snap shot by Bobby Butler.
2:47 of 2nd period - Stopped by Alex Auld without a rebound.
2:48 of 2nd period - Drew Larman wins face-off versus T.J. Hensick in Atomiques zone.
3:03 of 2nd period - Snap shot by T.J. Hensick.
3:03 of 2nd period - Shot Misses the Net.
3:15 of 2nd period - Konstantin Pushkarev is hit by Tyler Brenner and loses puck.
3:38 of 2nd period - Wrist shot by Brad Winchester.
3:38 of 2nd period - Shot Misses the Net.
4:02 of 2nd period - T.J. Hensick is hit by Linus Omark and loses puck.
4:13 of 2nd period - Snap shot by Brad Richardson.
4:13 of 2nd period - Stopped by Alex Auld with a rebound.
4:15 of 2nd period - Wrist shot by Brad Richardson.
4:15 of 2nd period - Deflect By Samuel Pahlsson.
4:15 of 2nd period - Shot Misses the Net.
4:15 of 2nd period - Puck is out of play.
4:16 of 2nd period - Samuel Pahlsson wins face-off versus Tyler Brenner in Atomiques zone.
4:17 of 2nd period - Slapshot by Brad Richardson.
4:17 of 2nd period - Deflect By Victor Hedman.
4:17 of 2nd period - Stopped by Alex Auld with a rebound.
4:25 of 2nd period - Snap shot by Brad Richardson.
4:25 of 2nd period - Shot Misses the Net.
4:28 of 2nd period - Icing by Victor Hedman.
4:29 of 2nd period - Tyler Brenner wins face-off versus T.J. Hensick in Atomiques zone.
4:42 of 2nd period - Brad Winchester is hit by Anthony Stewart and loses puck.
4:55 of 2nd period - Wrist shot by Tyler Brenner.
4:55 of 2nd period - Goal by Tyler Brenner - Demolitions : 1 - Atomiques : 2.
4:56 of 2nd period - T.J. Hensick wins face-off versus Tyler Brenner in neutral zone.
5:01 of 2nd period - Snap shot by Daniel Paille.
5:01 of 2nd period - Shot Misses the Net.
5:23 of 2nd period - Kyle Wharton is hit by Doug Janik and loses puck.
5:28 of 2nd period - Wrist shot by Konstantin Pushkarev.
5:28 of 2nd period - Deflect By Jordan LaVallee.
5:28 of 2nd period - Goal by Jordan LaVallee - Demolitions : 2 - Atomiques : 2.
5:29 of 2nd period - Tyler Brenner wins face-off versus T.J. Hensick in neutral zone.
5:36 of 2nd period - Snap shot by Brad Winchester.
5:36 of 2nd period - Deflect By Alexandre Daigle.
5:36 of 2nd period - Shot Misses the Net.
5:36 of 2nd period - Puck is out of play.
5:37 of 2nd period - T.J. Hensick wins face-off versus Tyler Brenner in Demolitions zone.
5:37 of 2nd period - T.J. Hensick is hit by Tyler Brenner.
6:01 of 2nd period - Wrist shot by T.J. Hensick.
6:01 of 2nd period - Shot Misses the Net.
6:03 of 2nd period - Wrist shot by Doug Janik.
6:03 of 2nd period - Shot Blocked by Davis Drewiske.
6:07 of 2nd period - Snap shot by T.J. Hensick.
6:07 of 2nd period - Shot Misses the Net.
6:09 of 2nd period - Wrist shot by Anton Babchuk.
6:09 of 2nd period - Stopped by Alex Auld without a rebound.
6:10 of 2nd period - Samuel Pahlsson wins face-off versus Linus Omark in Atomiques zone.
6:13 of 2nd period - Snap shot by Brad Richardson.
6:13 of 2nd period - Shot Misses the Net.
6:15 of 2nd period - Wrist shot by Anssi Salmela.
6:15 of 2nd period - Stopped by Alex Auld with a rebound.
7:09 of 2nd period - Snap shot by John McCarthy.
7:09 of 2nd period - Stopped by Jeff Frazee without a rebound.
7:10 of 2nd period - Tyler Brenner wins face-off versus Samuel Pahlsson in Demolitions zone.
7:11 of 2nd period - Wrist shot by Alexandre Daigle.
7:11 of 2nd period - Shot Misses the Net.
7:37 of 2nd period - Doug Janik is hit by Davis Drewiske.
7:49 of 2nd period - T.J. Hensick is hit by Linus Omark and loses puck.
8:56 of 2nd period - Icing by John McCarthy.
8:57 of 2nd period - T.J. Hensick wins face-off versus Drew Larman in Atomiques zone.
8:58 of 2nd period - Snap shot by Anthony Stewart.
8:58 of 2nd period - Stopped by Alex Auld without a rebound.
8:59 of 2nd period - Tyler Brenner wins face-off versus T.J. Hensick in Atomiques zone.
9:26 of 2nd period - Snap shot by Linus Omark.
9:26 of 2nd period - Shot Misses the Net.
9:36 of 2nd period - Slapshot by Samuel Pahlsson.
9:36 of 2nd period - Stopped by Alex Auld with a rebound.
10:18 of 2nd period - Snap shot by Alexandre Daigle.
10:18 of 2nd period - Shot Blocked by Anssi Salmela.
10:55 of 2nd period - Brad Richardson is hit by Linus Omark and loses puck.
11:04 of 2nd period - Snap shot by Linus Omark.
11:04 of 2nd period - Shot Blocked by Brad Richardson.
11:06 of 2nd period - Snap shot by Scott Jackson.
11:06 of 2nd period - Goal by Scott Jackson - Demolitions : 2 - Atomiques : 3.
11:07 of 2nd period - Alexandre Daigle wins face-off versus T.J. Hensick in neutral zone.
11:39 of 2nd period - Wrist shot by Ryan Shannon.
11:39 of 2nd period - Stopped by Jeff Frazee without a rebound.
11:40 of 2nd period - T.J. Hensick wins face-off versus Marc-André Cliche in Demolitions zone.
11:49 of 2nd period - Backhand shot by Daniel Paille.
11:49 of 2nd period - Stopped by Alex Auld with a rebound.
12:04 of 2nd period - Icing by Marc-André Cliche.
12:05 of 2nd period - Samuel Pahlsson wins face-off versus Tyler Brenner in Atomiques zone.
13:01 of 2nd period - Snap shot by Peter Harrold.
13:01 of 2nd period - Shot Blocked by John Zeiler.
13:32 of 2nd period - Wrist shot by Kenndal McArdle.
13:32 of 2nd period - Shot Misses the Net.
13:34 of 2nd period - Slapshot by Davis Drewiske.
13:34 of 2nd period - Stopped by Jeff Frazee with a rebound.
13:36 of 2nd period - Snap shot by Tyler Brenner.
13:36 of 2nd period - Shot Misses the Net.
13:38 of 2nd period - Wrist shot by Victor Hedman.
13:38 of 2nd period - Stopped by Jeff Frazee without a rebound.
13:39 of 2nd period - T.J. Hensick wins face-off versus Tyler Brenner in Demolitions zone.
14:02 of 2nd period - Snap shot by Alexandre Daigle.
14:02 of 2nd period - Deflect By Doug Janik.
14:02 of 2nd period - Shot Misses the Net.
14:02 of 2nd period - Puck is out of play.
14:03 of 2nd period - Samuel Pahlsson wins face-off versus Marc-André Cliche in Demolitions zone.
14:24 of 2nd period - Minor Penalty to Casey Borer for Hooking.
14:25 of 2nd period - T.J. Hensick wins face-off versus Brad Winchester in Atomiques zone.
14:54 of 2nd period - Minor Penalty to Davis Drewiske for Tripping.
14:55 of 2nd period - Brad Winchester wins face-off versus T.J. Hensick in Atomiques zone.
15:09 of 2nd period - Snap shot by Anton Babchuk.
15:09 of 2nd period - Deflect By T.J. Hensick.
15:09 of 2nd period - Stopped by Alex Auld without a rebound.
15:10 of 2nd period - T.J. Hensick wins face-off versus Brad Winchester in Atomiques zone.
15:25 of 2nd period - Wrist shot by Daniel Paille.
15:25 of 2nd period - Stopped by Alex Auld with a rebound.
15:43 of 2nd period - Slapshot by Brad Richardson.
15:43 of 2nd period - Shot Misses the Net.
15:45 of 2nd period - Slapshot by Anton Babchuk.
15:45 of 2nd period - Goal by Anton Babchuk - Demolitions : 3 - Atomiques : 3.
15:46 of 2nd period - Brad Winchester wins face-off versus T.J. Hensick in neutral zone.
16:54 of 2nd period - Penalty to Davis Drewiske is over, Davis Drewiske is back on ice.
17:17 of 2nd period - Major Penalty to John McCarthy for Boarding.
17:18 of 2nd period - T.J. Hensick wins face-off versus Brad Winchester in Atomiques zone.
17:48 of 2nd period - Wrist shot by Ryan Shannon.
17:48 of 2nd period - Shot Blocked by Anton Babchuk.
17:50 of 2nd period - Slapshot by Kyle Wharton.
17:50 of 2nd period - Stopped by Jeff Frazee with a rebound.
17:56 of 2nd period - Wrist shot by Ryan Shannon.
17:56 of 2nd period - Shot Blocked by Samuel Pahlsson.
19:27 of 2nd period - Bobby Butler is hit by Clayton Stoner and loses puck.
19:54 of 2nd period - Ryan Shannon is hit by Darren Helm and loses puck.
Goals for this period are 2 for Demolitions vs 2 for Atomiques.
Shots for this period are 13 for Demolitions vs 9 for Atomiques.
3rd period
0:01 of 3rd period - Brad Winchester wins face-off versus T.J. Hensick in neutral zone.
1:18 of 3rd period - Linus Omark is hit by T.J. Hensick and loses puck.
2:17 of 3rd period - Penalty to John McCarthy is over, John McCarthy is back on ice.
2:49 of 3rd period - Darren Helm is hit by Kenndal McArdle and loses puck.
3:06 of 3rd period - Snap shot by Darren Helm.
3:06 of 3rd period - Stopped by Alex Auld with a rebound.
3:52 of 3rd period - Icing by Daniel Paille.
3:53 of 3rd period - Darren Helm wins face-off versus Brett Sutter in Demolitions zone.
4:19 of 3rd period - Snap shot by Nicolas Blanchard.
4:19 of 3rd period - Shot Misses the Net.
4:37 of 3rd period - Wrist shot by John McCarthy.
4:37 of 3rd period - Stopped by Jeff Frazee with a rebound.
4:39 of 3rd period - Snap shot by John McCarthy.
4:39 of 3rd period - Stopped by Jeff Frazee with a rebound.
4:41 of 3rd period - Wrist shot by John McCarthy.
4:41 of 3rd period - Stopped by Jeff Frazee with a rebound.
4:43 of 3rd period - Slapshot by John McCarthy.
4:43 of 3rd period - Shot Hit the Post.
4:45 of 3rd period - Snap shot by Drew Larman.
4:45 of 3rd period - Deflect By Nick Johnson.
4:45 of 3rd period - Goal by Nick Johnson - Demolitions : 3 - Atomiques : 4.
4:46 of 3rd period - Tyler Brenner wins face-off versus T.J. Hensick in neutral zone.
4:58 of 3rd period - Minor Penalty to Daniel Paille for Interference.
4:59 of 3rd period - Tyler Brenner wins face-off versus Anthony Stewart in Demolitions zone.
6:58 of 3rd period - Penalty to Daniel Paille is over, Daniel Paille is back on ice.
7:21 of 3rd period - Minor Penalty to John Zeiler for Hooking.
7:22 of 3rd period - T.J. Hensick wins face-off versus Kenndal McArdle in Atomiques zone.
7:33 of 3rd period - Snap shot by Anthony Stewart.
7:33 of 3rd period - Goal by Anthony Stewart - Demolitions : 4 - Atomiques : 4.
7:34 of 3rd period - T.J. Hensick wins face-off versus Marc-André Cliche in neutral zone.
7:42 of 3rd period - Anthony Stewart is hit by Ryan Shannon and loses puck.
8:08 of 3rd period - Wrist shot by Brad Winchester.
8:08 of 3rd period - Stopped by Jeff Frazee without a rebound.
8:09 of 3rd period - T.J. Hensick wins face-off versus Tyler Brenner in Demolitions zone.
8:14 of 3rd period - Snap shot by Anthony Stewart.
8:14 of 3rd period - Shot Hit the Post.
8:16 of 3rd period - Slapshot by Anssi Salmela.
8:16 of 3rd period - Shot Blocked by Alexandre Daigle.
8:18 of 3rd period - Slapshot by Anssi Salmela.
8:18 of 3rd period - Stopped by Alex Auld with a rebound.
8:24 of 3rd period - Slapshot by Daniel Paille.
8:24 of 3rd period - Goal by Daniel Paille - Demolitions : 5 - Atomiques : 4.
8:25 of 3rd period - T.J. Hensick wins face-off versus Tyler Brenner in neutral zone.
8:31 of 3rd period - Minor Penalty to Tyler Brenner for Tripping.
8:32 of 3rd period - Brad Winchester wins face-off versus Daniel Paille in Atomiques zone.
8:32 of 3rd period - Brad Winchester is hit by Anthony Stewart.
8:45 of 3rd period - Slapshot by Anton Babchuk.
8:45 of 3rd period - Shot Misses the Net.
8:47 of 3rd period - Snap shot by Anthony Stewart.
8:47 of 3rd period - Goal by Anthony Stewart - Demolitions : 6 - Atomiques : 4.
8:47 of 3rd period - Curtis McElhinney enters game.
8:48 of 3rd period - Tyler Brenner wins face-off versus T.J. Hensick in neutral zone.
8:59 of 3rd period - Slapshot by Brad Winchester.
8:59 of 3rd period - Shot Misses the Net.
9:01 of 3rd period - Wrist shot by Alexandre Daigle.
9:01 of 3rd period - Stopped by Jeff Frazee with a rebound.
9:20 of 3rd period - Wrist shot by Linus Omark.
9:20 of 3rd period - Shot Blocked by Doug Janik.
9:36 of 3rd period - Wrist shot by Konstantin Pushkarev.
9:36 of 3rd period - Deflect By Kenndal McArdle.
9:36 of 3rd period - Shot Blocked by Kyle Wharton.
9:36 of 3rd period - Kyle Wharton from Atomiques is injured at 9:36 of 3rd period (Right Hand).
9:37 of 3rd period - Tyler Brenner wins face-off versus T.J. Hensick in Atomiques zone.
9:52 of 3rd period - Wrist shot by Daniel Paille.
9:52 of 3rd period - Shot Blocked by Brad Winchester.
10:02 of 3rd period - Bobby Butler is hit by Linus Omark and loses puck.
10:15 of 3rd period - Snap shot by Linus Omark.
10:15 of 3rd period - Deflect By Ryan Shannon.
10:15 of 3rd period - Stopped by Jeff Frazee without a rebound.
10:16 of 3rd period - T.J. Hensick wins face-off versus John Zeiler in Demolitions zone.
10:16 of 3rd period - T.J. Hensick is hit by Casey Borer.
10:27 of 3rd period - Icing by Clayton Stoner.
10:28 of 3rd period - Brett Sutter wins face-off versus T.J. Hensick in Atomiques zone.
10:39 of 3rd period - Snap shot by Daniel Paille.
10:39 of 3rd period - Stopped by Curtis McElhinney with a rebound.
10:50 of 3rd period - Minor Penalty to Casey Borer for Holding.
10:51 of 3rd period - Brad Winchester wins face-off versus T.J. Hensick in Atomiques zone.
11:44 of 3rd period - Wrist shot by Samuel Pahlsson.
11:44 of 3rd period - Shot Misses the Net.
12:11 of 3rd period - Slapshot by Doug Janik.
12:11 of 3rd period - Shot Blocked by Mike Halmo.
12:13 of 3rd period - Wrist shot by Samuel Pahlsson.
12:13 of 3rd period - Stopped by Curtis McElhinney with a rebound.
12:15 of 3rd period - Snap shot by Bobby Butler.
12:15 of 3rd period - Shot Blocked by Davis Drewiske.
12:50 of 3rd period - Penalty to Casey Borer is over, Casey Borer is back on ice.
13:13 of 3rd period - Snap shot by Brad Winchester.
13:13 of 3rd period - Stopped by Jeff Frazee without a rebound.
13:14 of 3rd period - T.J. Hensick wins face-off versus Marc-André Cliche in Demolitions zone.
13:46 of 3rd period - Snap shot by Jordan LaVallee.
13:46 of 3rd period - Stopped by Curtis McElhinney with a rebound.
14:04 of 3rd period - Snap shot by John McCarthy.
14:04 of 3rd period - Stopped by Jeff Frazee with a rebound.
14:08 of 3rd period - Slapshot by John McCarthy.
14:08 of 3rd period - Stopped by Jeff Frazee without a rebound.
14:09 of 3rd period - Marc-André Cliche wins face-off versus T.J. Hensick in Demolitions zone.
14:10 of 3rd period - Wrist shot by Ryan Shannon.
14:10 of 3rd period - Stopped by Jeff Frazee with a rebound.
14:12 of 3rd period - Wrist shot by Linus Omark.
14:12 of 3rd period - Stopped by Jeff Frazee without a rebound.
14:13 of 3rd period - Daniel Paille wins face-off versus Marc-André Cliche in Demolitions zone.
14:28 of 3rd period - Snap shot by Linus Omark.
14:28 of 3rd period - Shot Blocked by Peter Harrold.
15:24 of 3rd period - Davis Drewiske is hit by Anthony Stewart and loses puck.
16:25 of 3rd period - Anthony Stewart is hit by John Zeiler and loses puck.
16:45 of 3rd period - Andrew Campbell is hit by Brad Winchester and loses puck.
17:20 of 3rd period - Anssi Salmela is hit by Tyler Brenner and loses puck.
17:27 of 3rd period - Backhand shot by Brad Winchester.
17:27 of 3rd period - Shot Misses the Net.
17:29 of 3rd period - Snap shot by Alexandre Daigle.
17:29 of 3rd period - Stopped by Jeff Frazee without a rebound.
17:30 of 3rd period - T.J. Hensick wins face-off versus Brett Sutter in Demolitions zone.
17:51 of 3rd period - Anton Babchuk is hit by Kenndal McArdle and loses puck.
19:56 of 3rd period - Slapshot by Andrew Campbell.
19:56 of 3rd period - Stopped by Curtis McElhinney with a rebound.
19:58 of 3rd period - Wrist shot by Brad Richardson.
19:58 of 3rd period - Deflect By Corban Knight.
19:58 of 3rd period - Stopped by Curtis McElhinney with a rebound.
Goals for this period are 3 for Demolitions vs 1 for Atomiques.
Shots for this period are 10 for Demolitions vs 13 for Atomiques.
Output by the SimonT Hockey Simulator (STHS) for François Prévost -- Original Page W3C XHTML 1.0 Valid